| Goals | Penalties |
1. Gladiators , Cockring Bomber 2 (Nico Hischier 3, Alex Tuch 5) at 2:43
2. Warheads , Adam Fantilli 3 (John Marino 2) at 16:36
|
Samuel Girard (ATH) for High sticking (Double Minor) at 3:18 Samuel Girard (ATH) for High sticking (Minor) at 14:02
|
3. Gladiators , Drew Doughty 2 (Dylan Larkin 5, Dylan Guenther 4) at 4:24 (PP)
4. Gladiators , Jake Guentzel 4 (Drew Doughty 6) at 12:46
5. Warheads , Juraj Slafkovsky 4 (Jake Middleton 2, Adam Fantilli 5) at 13:32
|
Jack McBain (WAR) for Cross-checking (Minor) at 3:57
|
6. Warheads , Jake Middleton 3 (Tim Stutzle 5, Mitchell Marner 6) at 17:07
7. Warheads , Juraj Slafkovsky 5 (Lawson Crouse 4, Adam Fantilli 6) at 19:39
|
Tim Stutzle (WAR) for Roughing (Minor) at 5:26
|
|
Joseph Woll (WAR), 21 saves from 24 shots - (0.875), W, 4-6-3, 60:00 minutes
Jake Oettinger (ATH), 22 saves from 26 shots - (0.846), L, 5-4-3, 60:00 minutes
|
|
1 - Adam Fantilli (WAR)
2 - Juraj Slafkovsky (WAR)
3 - Jake Middleton (WAR)
|
Referees : Unknown
Linesman : Unknown
|
|
| No Game Note
|
|
Level 1 -- Attendance: 4203 (70.05%) -- Ticket Income $420,300
Level 2 -- Attendance: 3482 (69.64%) -- Ticket Income $208,920
Level 3 -- Attendance: 1477 (73.85%) -- Ticket Income $51,695
Level 4 -- Attendance: 3116 (77.90%) -- Ticket Income $77,900
Luxury Box -- Attendance: 1000 (100.00%) -- Ticket Income $200,000
Game was played at the Delphi Stadium.
Total Attendance: 13278 (73.77%)
Total Ticket Income: $958,815
Other Income: $383,526
Total Income: $1,342,341
|
| Team Name |
Goals |
Shots |
Shots Attemp |
Shots Blocked |
PIM |
HIT |
PP |
PK |
FO% |
| Warheads |
4 | 26 | 46 | 7 | 4 | 12 | 0 / 3 (0%) | 1 | 38% |
| Gladiators |
3 | 24 | 53 | 9 | 6 | 13 | 1 / 2 (50%) | 0 | 62% |
Warheads
Gladiators
Warheads
| 5 vs 5 Forward |
|---|
| Line # | Left Wing | Center | Right Wing | PHY | DF | OF | Wanted % | Time % | Time Play |
| 1 | Lucas Raymond | Tim Stutzle | Mitchell Marner | 1 | 2 | 2 | 30 | 30% | 15:13
|
| 2 | Jack McBain | Brock Knuckledunker | Jordan Greenway | 1 | 2 | 2 | 28 | 27% | 13:43
|
| 3 | Juraj Slafkovsky | Adam Fantilli | Lawson Crouse | 1 | 2 | 2 | 26 | 27% | 14:04
|
| 4 | Anton Lundell | Radek Faksa | Nicolas Roy | 1 | 2 | 2 | 16 | 16% | 8:16
|
| 5 vs 5 Defense |
|---|
| Line # | Defense | Defense | | PHY | DF | OF | Wanted % | Time % | Time Play |
| 1 | Jeremy Lauzon | Jake Middleton | | 1 | 2 | 2 | 30 | 25% | 12:39
|
| 2 | Jackson LaCombe | Jaccob Slavin | | 1 | 2 | 2 | 28 | 31% | 15:57
|
| 3 | Damon Severson | John Marino | | 1 | 2 | 2 | 26 | 32% | 16:33
|
| 4 | Jeremy Lauzon | Jake Middleton | | 1 | 2 | 2 | 16 | 12% | 6:07
|
| Power Play Forward |
|---|
| Line # | Left Wing | Center | Right Wing | PHY | DF | OF | Wanted % | Time % | Time Play |
| 1 | Lucas Raymond | Tim Stutzle | Mitchell Marner | 1 | 2 | 2 | 55 | 57% | 3:23
|
| 2 | Jack McBain | Brock Knuckledunker | Jordan Greenway | 1 | 2 | 2 | 45 | 43% | 2:35
|
| Power Play Defense |
|---|
| Line # | Defense | Defense | | PHY | DF | OF | Wanted % | Time % | Time Play |
| 1 | Jeremy Lauzon | Jake Middleton | | 1 | 2 | 2 | 55 | 57% | 3:23
|
| 2 | Jackson LaCombe | Jaccob Slavin | | 1 | 2 | 2 | 45 | 43% | 2:35
|
| Penalty Kill 4 Players Forward |
|---|
| Line # | Center | Wing | PHY | DF | OF | Wanted % | Time % | Time Play |
| 1 | Mitchell Marner | Tim Stutzle | 1 | 2 | 2 | 55 | 85% | 2:04
|
| 2 | Lucas Raymond | Brock Knuckledunker | 1 | 2 | 2 | 45 | 15% | 0:22
|
| Penalty Kill 4 Players Defense |
|---|
| Line # | Defense | Defense | PHY | DF | OF | Wanted % | Time % | Time Play |
| 1 | Jeremy Lauzon | Jake Middleton | 1 | 2 | 2 | 55 | 0% | 0:00
|
| 2 | Jackson LaCombe | Jaccob Slavin | 1 | 2 | 2 | 45 | 100% | 2:26
|
| Penalty Kill 3 Players |
|---|
| Line # | Wing | PHY | DF | OF | Wanted % | Time % | Time Play | Defense | Defense | PHY | DF | OF | Wanted % | Time % | Time Play |
| 1 | Mitchell Marner | 1 | 2 | 2 | 55 | 0% | 0:00
| Jeremy Lauzon | Jake Middleton | 1 | 2 | 2 | 55 | 0% | 0:00
|
| 2 | Tim Stutzle | 1 | 2 | 2 | 45 | 0% | 0:00
| Jackson LaCombe | Jaccob Slavin | 1 | 2 | 2 | 45 | 0% | 0:00
|
| 4 vs 4 Forward |
|---|
| Line # | Center | Wing | PHY | DF | OF | Wanted % | Time % | Time Play |
| 1 | Mitchell Marner | Tim Stutzle | 1 | 2 | 2 | 55 | 0% | 0:00
|
| 2 | Lucas Raymond | Brock Knuckledunker | 1 | 2 | 2 | 45 | 0% | 0:00
|
| 4 vs 4 Defense |
|---|
| Line # | Defense | | PHY | DF | OF | Wanted % | Time % | Time Play |
| 1 | Jeremy Lauzon | Jake Middleton | 1 | 2 | 2 | 55 | 0% | 0:00
|
| 2 | Jackson LaCombe | Jaccob Slavin | 1 | 2 | 2 | 45 | 0% | 0:00
|
| Last Minutes Offensive |
|---|
| Left Wing | Center | Right Wing | Defense | Defense |
| Lucas Raymond | Tim Stutzle | Mitchell Marner | Jeremy Lauzon | Jake Middleton |
| Last Minutes Defensive |
|---|
| Left Wing | Center | Right Wing | Defense | Defense |
| Lucas Raymond | Tim Stutzle | Mitchell Marner | Jeremy Lauzon | Jake Middleton |
| Time |
|---|
| Total Forward | Total Defense | Last Minutes Offensive | Last Minutes Defensive |
| 60:00 |
60:00 |
0:00 | 0:20 |
| Extra Forwards |
|---|
| Normal | PowerPlay | Penalty Kill |
|
Adam Fantilli, Juraj Slafkovsky, Radek Faksa | Adam Fantilli, Juraj Slafkovsky | Radek Faksa |
| Extra Defensemen |
|---|
| Normal | PowerPlay | Penalty Kill |
|
Damon Severson, John Marino, Jackson LaCombe | Damon Severson, John Marino | Jackson LaCombe |
| Penalty Shots |
|---|
|
Mitchell Marner, Tim Stutzle, Lucas Raymond, Brock Knuckledunker, Jordan Greenway |
| Goalie |
|---|
| Joseph Woll, Adin Hill |
| Custom OT Lines Forwards |
|---|
|
Mitchell Marner, Tim Stutzle, Lucas Raymond, Brock Knuckledunker, Jordan Greenway, Jack McBain, Adam Fantilli, Juraj Slafkovsky, Radek Faksa, Anton Lundell |
| Custom OT Lines Defensemen |
|---|
|
Jeremy Lauzon, Jake Middleton, Jackson LaCombe, Jaccob Slavin, Damon Severson |
| Scratches |
|---|
|
Luke Hughes (Healthy), Adam Klapka (Healthy), Jack Finley (Healthy) |
Gladiators
| 5 vs 5 Forward |
|---|
| Line # | Left Wing | Center | Right Wing | PHY | DF | OF | Wanted % | Time % | Time Play |
| 1 | Jake Guentzel | Dylan Larkin | Dylan Guenther | 1 | 2 | 2 | 30 | 31% | 16:05
|
| 2 | Alex Tuch | Nico Hischier | Sam Reinhart | 1 | 2 | 2 | 28 | 28% | 14:22
|
| 3 | Zach Hyman | Nick Schmaltz | Colton Sissons | 1 | 2 | 2 | 26 | 25% | 12:43
|
| 4 | Yanni Gourde | Matty Beniers | J.T. Compher | 1 | 2 | 2 | 16 | 16% | 8:06
|
| 5 vs 5 Defense |
|---|
| Line # | Defense | Defense | | PHY | DF | OF | Wanted % | Time % | Time Play |
| 1 | Cockring Bomber | Wyatt Kaiser | | 1 | 2 | 2 | 30 | 30% | 15:29
|
| 2 | Drew Doughty | Cam Fowler | | 1 | 2 | 2 | 28 | 27% | 14:02
|
| 3 | Samuel Girard | Shea Theodore | | 1 | 2 | 2 | 26 | 32% | 16:25
|
| 4 | Cockring Bomber | Drew Doughty | | 1 | 2 | 2 | 16 | 10% | 5:20
|
| Power Play Forward |
|---|
| Line # | Left Wing | Center | Right Wing | PHY | DF | OF | Wanted % | Time % | Time Play |
| 1 | Jake Guentzel | Dylan Larkin | Dylan Guenther | 1 | 2 | 2 | 55 | 57% | 1:23
|
| 2 | Alex Tuch | Nico Hischier | Sam Reinhart | 1 | 2 | 2 | 45 | 43% | 1:03
|
| Power Play Defense |
|---|
| Line # | Defense | Defense | | PHY | DF | OF | Wanted % | Time % | Time Play |
| 1 | Cockring Bomber | Drew Doughty | | 1 | 2 | 2 | 55 | 25% | 0:37
|
| 2 | Drew Doughty | Cam Fowler | | 1 | 2 | 2 | 45 | 75% | 1:49
|
| Penalty Kill 4 Players Forward |
|---|
| Line # | Center | Wing | PHY | DF | OF | Wanted % | Time % | Time Play |
| 1 | Jake Guentzel | Dylan Guenther | 1 | 2 | 2 | 55 | 58% | 3:28
|
| 2 | Sam Reinhart | Dylan Larkin | 1 | 2 | 2 | 45 | 42% | 2:30
|
| Penalty Kill 4 Players Defense |
|---|
| Line # | Defense | Defense | PHY | DF | OF | Wanted % | Time % | Time Play |
| 1 | Cockring Bomber | Drew Doughty | 1 | 2 | 2 | 55 | 47% | 2:47
|
| 2 | Drew Doughty | Cam Fowler | 1 | 2 | 2 | 45 | 53% | 3:11
|
| Penalty Kill 3 Players |
|---|
| Line # | Wing | PHY | DF | OF | Wanted % | Time % | Time Play | Defense | Defense | PHY | DF | OF | Wanted % | Time % | Time Play |
| 1 | Jake Guentzel | 1 | 2 | 2 | 55 | 0% | 0:00
| Cockring Bomber | Drew Doughty | 1 | 2 | 2 | 55 | 0% | 0:00
|
| 2 | Dylan Guenther | 1 | 2 | 2 | 45 | 0% | 0:00
| Drew Doughty | Cam Fowler | 1 | 2 | 2 | 45 | 0% | 0:00
|
| 4 vs 4 Forward |
|---|
| Line # | Center | Wing | PHY | DF | OF | Wanted % | Time % | Time Play |
| 1 | Jake Guentzel | Dylan Guenther | 1 | 2 | 2 | 55 | 0% | 0:00
|
| 2 | Sam Reinhart | Dylan Larkin | 1 | 2 | 2 | 45 | 0% | 0:00
|
| 4 vs 4 Defense |
|---|
| Line # | Defense | | PHY | DF | OF | Wanted % | Time % | Time Play |
| 1 | Cockring Bomber | Drew Doughty | 1 | 2 | 2 | 55 | 0% | 0:00
|
| 2 | Drew Doughty | Cam Fowler | 1 | 2 | 2 | 45 | 0% | 0:00
|
| Last Minutes Offensive |
|---|
| Left Wing | Center | Right Wing | Defense | Defense |
| Jake Guentzel | Dylan Larkin | Dylan Guenther | Cockring Bomber | Wyatt Kaiser |
| Last Minutes Defensive |
|---|
| Left Wing | Center | Right Wing | Defense | Defense |
| Jake Guentzel | Dylan Larkin | Dylan Guenther | Cockring Bomber | Wyatt Kaiser |
| Time |
|---|
| Total Forward | Total Defense | Last Minutes Offensive | Last Minutes Defensive |
| 60:00 |
60:00 |
0:20 | 0:00 |
| Extra Forwards |
|---|
| Normal | PowerPlay | Penalty Kill |
|
Zach Hyman, Nick Schmaltz, Colton Sissons | Zach Hyman, Nick Schmaltz | Colton Sissons |
| Extra Defensemen |
|---|
| Normal | PowerPlay | Penalty Kill |
|
Samuel Girard, Shea Theodore, Drew Doughty | Samuel Girard, Shea Theodore | Drew Doughty |
| Penalty Shots |
|---|
|
Jake Guentzel, Dylan Guenther, Sam Reinhart, Dylan Larkin, Nico Hischier |
| Goalie |
|---|
| Jake Oettinger, Dustin Wolf |
| Custom OT Lines Forwards |
|---|
|
Jake Guentzel, Dylan Guenther, Sam Reinhart, Dylan Larkin, Nico Hischier, Alex Tuch, Zach Hyman, Nick Schmaltz, Colton Sissons, Matty Beniers |
| Custom OT Lines Defensemen |
|---|
|
Cockring Bomber, Wyatt Kaiser, Drew Doughty, Cam Fowler, Samuel Girard |
| Scratches |
|---|
|
Evan Rodrigues (Healthy), Josh Manson (Healthy) |
Play-by-Play
1st period
0:01 of 1st period - Dylan Larkin wins face-off versus Mitchell Marner in neutral zone.
0:24 of 1st period - Shot by Dylan Larkin.
0:24 of 1st period - Stopped by Joseph Woll with a rebound.
1:18 of 1st period - Jackson LaCombe is hit by Cam Fowler and loses puck.
1:26 of 1st period - Icing by Drew Doughty.
1:27 of 1st period - Nico Hischier wins face-off versus Adam Fantilli in Gladiators zone.
1:27 of 1st period - Nico Hischier is hit by Juraj Slafkovsky.
1:46 of 1st period - Off-side.
1:47 of 1st period - Radek Faksa wins face-off versus Zach Hyman in neutral zone.
1:54 of 1st period - Shot by Anton Lundell.
1:54 of 1st period - Shot Blocked by Samuel Girard.
2:21 of 1st period - Off-side.
2:22 of 1st period - Matty Beniers wins face-off versus Adam Fantilli in neutral zone.
2:29 of 1st period - Shot by Juraj Slafkovsky.
2:29 of 1st period - Deflect By Adam Fantilli.
2:29 of 1st period - Shot Blocked by Cockring Bomber.
2:31 of 1st period - Shot by Damon Severson.
2:31 of 1st period - Stopped by Jake Oettinger without a rebound.
2:32 of 1st period - Nico Hischier wins face-off versus Brock Knuckledunker in Gladiators zone.
2:43 of 1st period - Shot by Cockring Bomber.
2:43 of 1st period - Goal by Cockring Bomber - Warheads : 0 - Gladiators : 1.
2:44 of 1st period - Matty Beniers wins face-off versus Adam Fantilli in neutral zone.
3:18 of 1st period - Double Minor Penalty to Samuel Girard for High sticking.
3:19 of 1st period - Jake Guentzel wins face-off versus Tim Stutzle in Gladiators zone.
3:53 of 1st period - Icing by Mitchell Marner.
3:54 of 1st period - Tim Stutzle wins face-off versus Sam Reinhart in Warheads zone.
5:07 of 1st period - Shot by Jake Guentzel.
5:07 of 1st period - Stopped by Joseph Woll without a rebound.
5:08 of 1st period - Sam Reinhart wins face-off versus Tim Stutzle in Warheads zone.
5:09 of 1st period - Shot by Dylan Larkin.
5:09 of 1st period - Shot Blocked by Jake Middleton.
7:00 of 1st period - Icing by Jackson LaCombe.
7:01 of 1st period - Adam Fantilli wins face-off versus Jake Guentzel in Warheads zone.
8:07 of 1st period - Icing by Jeremy Lauzon.
8:08 of 1st period - Adam Fantilli wins face-off versus Matty Beniers in Warheads zone.
8:13 of 1st period - Shot by Juraj Slafkovsky.
8:13 of 1st period - Stopped by Jake Oettinger without a rebound.
8:14 of 1st period - Matty Beniers wins face-off versus Brock Knuckledunker in Gladiators zone.
8:25 of 1st period - Shot by Yanni Gourde.
8:25 of 1st period - Stopped by Joseph Woll with a rebound.
8:33 of 1st period - Shot by Brock Knuckledunker.
8:33 of 1st period - Stopped by Jake Oettinger without a rebound.
8:34 of 1st period - Dylan Larkin wins face-off versus Lucas Raymond in Gladiators zone.
8:58 of 1st period - Shot by Tim Stutzle.
8:58 of 1st period - Shot Blocked by Drew Doughty.
9:04 of 1st period - Shot by Tim Stutzle.
9:04 of 1st period - Stopped by Jake Oettinger without a rebound.
9:05 of 1st period - Brock Knuckledunker wins face-off versus Nico Hischier in Gladiators zone.
9:18 of 1st period - Shot by Nico Hischier.
9:18 of 1st period - Shot Misses the Net.
10:12 of 1st period - Shot by Dylan Larkin.
10:12 of 1st period - Stopped by Joseph Woll with a rebound.
11:08 of 1st period - Shot by Lucas Raymond.
11:08 of 1st period - Stopped by Jake Oettinger without a rebound.
11:09 of 1st period - Matty Beniers wins face-off versus Adam Fantilli in Gladiators zone.
11:34 of 1st period - Shot by Adam Fantilli.
11:34 of 1st period - Shot Misses the Net.
11:36 of 1st period - Shot by Lawson Crouse.
11:36 of 1st period - Shot Misses the Net.
12:52 of 1st period - Shot by Tim Stutzle.
12:52 of 1st period - Stopped by Jake Oettinger with a rebound.
12:55 of 1st period - Icing by Cam Fowler.
12:56 of 1st period - Nico Hischier wins face-off versus Brock Knuckledunker in Gladiators zone.
13:01 of 1st period - Shot by Sam Reinhart.
13:01 of 1st period - Stopped by Joseph Woll without a rebound.
13:02 of 1st period - Zach Hyman wins face-off versus Tim Stutzle in Warheads zone.
13:17 of 1st period - Shot by Mitchell Marner.
13:17 of 1st period - Stopped by Jake Oettinger with a rebound.
13:20 of 1st period - Icing by Zach Hyman.
13:21 of 1st period - Nick Schmaltz wins face-off versus Adam Fantilli in Gladiators zone.
13:57 of 1st period - Icing by Samuel Girard.
13:58 of 1st period - Tim Stutzle wins face-off versus Nick Schmaltz in Gladiators zone.
14:02 of 1st period - Minor Penalty to Samuel Girard for High sticking.
14:03 of 1st period - Tim Stutzle wins face-off versus Dylan Guenther in Gladiators zone.
14:04 of 1st period - Shot by Lucas Raymond.
14:04 of 1st period - Stopped by Jake Oettinger with a rebound.
14:06 of 1st period - Shot by Jake Middleton.
14:06 of 1st period - Stopped by Jake Oettinger without a rebound.
14:07 of 1st period - Jake Guentzel wins face-off versus Lucas Raymond in Gladiators zone.
14:16 of 1st period - Shot by Tim Stutzle.
14:16 of 1st period - Shot Blocked by Cam Fowler.
14:18 of 1st period - Shot by Lucas Raymond.
14:18 of 1st period - Shot Misses the Net.
15:18 of 1st period - Shot by Brock Knuckledunker.
15:18 of 1st period - Shot Blocked by Drew Doughty.
15:57 of 1st period - Icing by Mitchell Marner.
15:58 of 1st period - Sam Reinhart wins face-off versus Tim Stutzle in Warheads zone.
16:05 of 1st period - Shot by Nick Schmaltz.
16:05 of 1st period - Stopped by Joseph Woll with a rebound.
16:07 of 1st period - Shot by Colton Sissons.
16:07 of 1st period - Shot Blocked by Damon Severson.
16:21 of 1st period - Colton Sissons is hit by Damon Severson and loses puck.
16:36 of 1st period - Shot by Adam Fantilli.
16:36 of 1st period - Goal by Adam Fantilli - Warheads : 1 - Gladiators : 1.
16:37 of 1st period - Radek Faksa wins face-off versus Nico Hischier in neutral zone.
16:52 of 1st period - Shot by Nico Hischier.
16:52 of 1st period - Deflect By Sam Reinhart.
16:52 of 1st period - Shot Blocked by Jaccob Slavin.
17:18 of 1st period - Shot by Alex Tuch.
17:18 of 1st period - Deflect By Sam Reinhart.
17:18 of 1st period - Stopped by Joseph Woll without a rebound.
17:19 of 1st period - Matty Beniers wins face-off versus Tim Stutzle in Warheads zone.
17:46 of 1st period - Icing by Jeremy Lauzon.
17:47 of 1st period - Dylan Larkin wins face-off versus Tim Stutzle in Warheads zone.
18:20 of 1st period - Icing by Jake Middleton.
18:21 of 1st period - Nico Hischier wins face-off versus Lucas Raymond in Warheads zone.
19:28 of 1st period - Colton Sissons is hit by John Marino and loses puck.
19:53 of 1st period - Icing by John Marino.
19:54 of 1st period - Brock Knuckledunker wins face-off versus Dylan Larkin in Warheads zone.
Goals for this period are 1 for Warheads vs 1 for Gladiators.
Shots for this period are 10 for Warheads vs 8 for Gladiators.
2nd period
0:01 of 2nd period - Dylan Larkin wins face-off versus Tim Stutzle in neutral zone.
0:04 of 2nd period - Shot by Dylan Guenther.
0:04 of 2nd period - Deflect By Dylan Larkin.
0:04 of 2nd period - Stopped by Joseph Woll without a rebound.
0:05 of 2nd period - Tim Stutzle wins face-off versus Dylan Larkin in Warheads zone.
0:07 of 2nd period - Icing by Mitchell Marner.
0:08 of 2nd period - Tim Stutzle wins face-off versus Dylan Larkin in Warheads zone.
0:15 of 2nd period - Shot by Tim Stutzle.
0:15 of 2nd period - Stopped by Jake Oettinger with a rebound.
0:59 of 2nd period - Jaccob Slavin is hit by Dylan Guenther.
2:04 of 2nd period - Shot by Alex Tuch.
2:04 of 2nd period - Stopped by Joseph Woll without a rebound.
2:05 of 2nd period - Nick Schmaltz wins face-off versus Radek Faksa in Warheads zone.
3:00 of 2nd period - Jake Middleton is hit by Sam Reinhart and loses puck.
3:34 of 2nd period - Nico Hischier is hit by Jeremy Lauzon.
3:46 of 2nd period - Shot by Matty Beniers.
3:46 of 2nd period - Shot Misses the Net.
3:48 of 2nd period - Shot by Drew Doughty.
3:48 of 2nd period - Shot Misses the Net.
3:50 of 2nd period - Shot by J.T. Compher.
3:50 of 2nd period - Shot Blocked by Jake Middleton.
3:57 of 2nd period - Minor Penalty to Jack McBain for Cross-checking.
3:58 of 2nd period - Dylan Larkin wins face-off versus Mitchell Marner in Warheads zone.
4:22 of 2nd period - Shot by Dylan Larkin.
4:22 of 2nd period - Shot Misses the Net.
4:24 of 2nd period - Shot by Drew Doughty.
4:24 of 2nd period - Goal by Drew Doughty - Warheads : 1 - Gladiators : 2.
4:25 of 2nd period - Lawson Crouse wins face-off versus Nick Schmaltz in neutral zone.
5:10 of 2nd period - Off-side.
5:11 of 2nd period - Nico Hischier wins face-off versus Lucas Raymond in neutral zone.
6:29 of 2nd period - Shot by Dylan Larkin.
6:29 of 2nd period - Stopped by Joseph Woll without a rebound.
6:30 of 2nd period - Adam Fantilli wins face-off versus Nick Schmaltz in Warheads zone.
6:51 of 2nd period - Shot by Zach Hyman.
6:51 of 2nd period - Shot Misses the Net.
6:53 of 2nd period - Shot by Nick Schmaltz.
6:53 of 2nd period - Stopped by Joseph Woll without a rebound.
6:54 of 2nd period - Dylan Larkin wins face-off versus Brock Knuckledunker in Warheads zone.
7:29 of 2nd period - Icing by Jeremy Lauzon.
7:30 of 2nd period - Nico Hischier wins face-off versus Brock Knuckledunker in Warheads zone.
7:56 of 2nd period - Icing by Sam Reinhart.
7:57 of 2nd period - Adam Fantilli wins face-off versus Nico Hischier in Gladiators zone.
8:11 of 2nd period - Nico Hischier is hit by Damon Severson and loses puck.
8:19 of 2nd period - John Marino is hit by Drew Doughty and loses puck.
8:41 of 2nd period - Shot by Jake Guentzel.
8:41 of 2nd period - Shot Misses the Net.
9:01 of 2nd period - Shot by Dylan Larkin.
9:01 of 2nd period - Shot Misses the Net.
9:06 of 2nd period - Icing by Damon Severson.
9:07 of 2nd period - Nick Schmaltz wins face-off versus Adam Fantilli in Warheads zone.
9:17 of 2nd period - Shot by Nick Schmaltz.
9:17 of 2nd period - Shot Misses the Net.
9:22 of 2nd period - Icing by Adam Fantilli.
9:23 of 2nd period - Matty Beniers wins face-off versus Adam Fantilli in Warheads zone.
9:40 of 2nd period - Shot by Matty Beniers.
9:40 of 2nd period - Shot Misses the Net.
9:49 of 2nd period - Icing by Damon Severson.
9:50 of 2nd period - Dylan Larkin wins face-off versus Adam Fantilli in Warheads zone.
10:20 of 2nd period - Shot by Dylan Larkin.
10:20 of 2nd period - Stopped by Joseph Woll without a rebound.
10:21 of 2nd period - Nick Schmaltz wins face-off versus Tim Stutzle in Warheads zone.
10:49 of 2nd period - Icing by Tim Stutzle.
10:50 of 2nd period - Nico Hischier wins face-off versus Tim Stutzle in Warheads zone.
11:23 of 2nd period - Alex Tuch is hit by Tim Stutzle and loses puck.
11:29 of 2nd period - Wyatt Kaiser is hit by Jeremy Lauzon and loses puck.
11:50 of 2nd period - Shot by Dylan Larkin.
11:50 of 2nd period - Stopped by Joseph Woll without a rebound.
11:51 of 2nd period - Nick Schmaltz wins face-off versus Jordan Greenway in Warheads zone.
12:46 of 2nd period - Shot by Jake Guentzel.
12:46 of 2nd period - Goal by Jake Guentzel - Warheads : 1 - Gladiators : 3.
12:47 of 2nd period - Radek Faksa wins face-off versus Matty Beniers in neutral zone.
12:47 of 2nd period - Radek Faksa is hit by Yanni Gourde.
13:17 of 2nd period - Shot by Radek Faksa.
13:17 of 2nd period - Shot Misses the Net.
13:20 of 2nd period - Icing by Yanni Gourde.
13:21 of 2nd period - Adam Fantilli wins face-off versus Matty Beniers in Gladiators zone.
13:32 of 2nd period - Shot by Juraj Slafkovsky.
13:32 of 2nd period - Goal by Juraj Slafkovsky - Warheads : 2 - Gladiators : 3.
13:33 of 2nd period - Dylan Larkin wins face-off versus Tim Stutzle in neutral zone.
14:35 of 2nd period - Shot by Brock Knuckledunker.
14:35 of 2nd period - Shot Misses the Net.
14:37 of 2nd period - Shot by Jeremy Lauzon.
14:37 of 2nd period - Stopped by Jake Oettinger without a rebound.
14:38 of 2nd period - Radek Faksa wins face-off versus Alex Tuch in Gladiators zone.
14:45 of 2nd period - Damon Severson is hit by Alex Tuch and loses puck.
14:52 of 2nd period - Shot by Nico Hischier.
14:52 of 2nd period - Shot Blocked by Damon Severson.
14:54 of 2nd period - Shot by Cam Fowler.
14:54 of 2nd period - Stopped by Joseph Woll with a rebound.
14:56 of 2nd period - Shot by Drew Doughty.
14:56 of 2nd period - Shot Misses the Net.
15:38 of 2nd period - Wyatt Kaiser is hit by Nicolas Roy and loses puck.
15:47 of 2nd period - Shot by Cockring Bomber.
15:47 of 2nd period - Stopped by Joseph Woll with a rebound.
15:51 of 2nd period - Shot by Colton Sissons.
15:51 of 2nd period - Stopped by Joseph Woll without a rebound.
15:52 of 2nd period - Tim Stutzle wins face-off versus Matty Beniers in Warheads zone.
16:20 of 2nd period - Shot by Mitchell Marner.
16:20 of 2nd period - Shot Misses the Net.
16:30 of 2nd period - Shot by Mitchell Marner.
16:30 of 2nd period - Shot Misses the Net.
16:41 of 2nd period - Icing by Shea Theodore.
16:42 of 2nd period - Matty Beniers wins face-off versus Brock Knuckledunker in Gladiators zone.
16:57 of 2nd period - Icing by Drew Doughty.
16:58 of 2nd period - Adam Fantilli wins face-off versus Jake Guentzel in Gladiators zone.
17:03 of 2nd period - Shot by Lawson Crouse.
17:03 of 2nd period - Shot Misses the Net.
17:15 of 2nd period - Shot by Jake Guentzel.
17:15 of 2nd period - Shot Misses the Net.
17:32 of 2nd period - Icing by Jackson LaCombe.
17:33 of 2nd period - Adam Fantilli wins face-off versus Nick Schmaltz in Warheads zone.
17:51 of 2nd period - Icing by Cockring Bomber.
17:52 of 2nd period - Brock Knuckledunker wins face-off versus Nick Schmaltz in Gladiators zone.
17:57 of 2nd period - Shot by Jack McBain.
17:57 of 2nd period - Shot Misses the Net.
17:59 of 2nd period - Shot by Brock Knuckledunker.
17:59 of 2nd period - Stopped by Jake Oettinger without a rebound.
18:00 of 2nd period - Dylan Larkin wins face-off versus Tim Stutzle in Gladiators zone.
18:24 of 2nd period - Shot by Dylan Larkin.
18:24 of 2nd period - Shot Misses the Net.
18:45 of 2nd period - Icing by Drew Doughty.
18:46 of 2nd period - Brock Knuckledunker wins face-off versus Dylan Larkin in Gladiators zone.
19:11 of 2nd period - Shot by Jordan Greenway.
19:11 of 2nd period - Shot Blocked by Drew Doughty.
19:13 of 2nd period - Shot by Jaccob Slavin.
19:13 of 2nd period - Shot Misses the Net.
19:15 of 2nd period - Shot by Brock Knuckledunker.
19:15 of 2nd period - Stopped by Jake Oettinger with a rebound.
19:17 of 2nd period - Shot by Jordan Greenway.
19:17 of 2nd period - Stopped by Jake Oettinger without a rebound.
19:18 of 2nd period - Adam Fantilli wins face-off versus Nico Hischier in Gladiators zone.
19:30 of 2nd period - Cockring Bomber is hit by Adam Fantilli and loses puck.
19:35 of 2nd period - Damon Severson is hit by Sam Reinhart and loses puck.
19:52 of 2nd period - Shot by Alex Tuch.
19:52 of 2nd period - Shot Misses the Net.
19:54 of 2nd period - Shot by Alex Tuch.
19:54 of 2nd period - Shot Misses the Net.
Goals for this period are 1 for Warheads vs 2 for Gladiators.
Shots for this period are 6 for Warheads vs 11 for Gladiators.
3rd period
0:01 of 3rd period - Brock Knuckledunker wins face-off versus Nick Schmaltz in neutral zone.
1:10 of 3rd period - Shot by Lucas Raymond.
1:10 of 3rd period - Stopped by Jake Oettinger without a rebound.
1:11 of 3rd period - Radek Faksa wins face-off versus Nico Hischier in Gladiators zone.
2:21 of 3rd period - Shot by Dylan Larkin.
2:21 of 3rd period - Shot Misses the Net.
3:27 of 3rd period - Shot by Brock Knuckledunker.
3:27 of 3rd period - Shot Blocked by Samuel Girard.
3:29 of 3rd period - Shot by Jeremy Lauzon.
3:29 of 3rd period - Stopped by Jake Oettinger without a rebound.
3:30 of 3rd period - Adam Fantilli wins face-off versus Matty Beniers in Gladiators zone.
5:26 of 3rd period - Minor Penalty to Tim Stutzle for Roughing.
5:27 of 3rd period - Jake Guentzel wins face-off versus Mitchell Marner in Warheads zone.
5:39 of 3rd period - Jake Guentzel is hit by Jackson LaCombe and loses puck.
6:43 of 3rd period - Shot by Sam Reinhart.
6:43 of 3rd period - Stopped by Joseph Woll without a rebound.
6:44 of 3rd period - Nico Hischier wins face-off versus Radek Faksa in Warheads zone.
7:09 of 3rd period - Shot by Drew Doughty.
7:09 of 3rd period - Shot Blocked by Damon Severson.
7:58 of 3rd period - Icing by Jackson LaCombe.
7:59 of 3rd period - Dylan Larkin wins face-off versus Nicolas Roy in Warheads zone.
8:02 of 3rd period - Shot by Jake Guentzel.
8:02 of 3rd period - Stopped by Joseph Woll without a rebound.
8:03 of 3rd period - Dylan Larkin wins face-off versus Brock Knuckledunker in Warheads zone.
8:06 of 3rd period - Shot by Dylan Guenther.
8:06 of 3rd period - Stopped by Joseph Woll without a rebound.
8:07 of 3rd period - Dylan Larkin wins face-off versus Brock Knuckledunker in Warheads zone.
8:16 of 3rd period - Shot by Dylan Guenther.
8:16 of 3rd period - Stopped by Joseph Woll without a rebound.
8:17 of 3rd period - Nico Hischier wins face-off versus Lawson Crouse in Warheads zone.
8:31 of 3rd period - Juraj Slafkovsky is hit by Cockring Bomber.
8:33 of 3rd period - Shot by Lawson Crouse.
8:33 of 3rd period - Stopped by Jake Oettinger without a rebound.
8:34 of 3rd period - Tim Stutzle wins face-off versus Dylan Larkin in Gladiators zone.
8:34 of 3rd period - Mitchell Marner is hit by Samuel Girard and loses puck.
8:49 of 3rd period - Shot by Dylan Guenther.
8:49 of 3rd period - Shot Blocked by Mitchell Marner.
8:53 of 3rd period - Shot by Dylan Larkin.
8:53 of 3rd period - Shot Misses the Net.
8:56 of 3rd period - Dylan Larkin is hit by Jeremy Lauzon and loses puck.
9:47 of 3rd period - Jack McBain is hit by Cockring Bomber and loses puck.
9:50 of 3rd period - Shot by Jordan Greenway.
9:50 of 3rd period - Stopped by Jake Oettinger with a rebound.
9:52 of 3rd period - Shot by Brock Knuckledunker.
9:52 of 3rd period - Shot Misses the Net.
11:32 of 3rd period - Shot by Nicolas Roy.
11:32 of 3rd period - Shot Blocked by Wyatt Kaiser.
11:34 of 3rd period - Shot by Jeremy Lauzon.
11:34 of 3rd period - Stopped by Jake Oettinger without a rebound.
11:35 of 3rd period - Dylan Larkin wins face-off versus Tim Stutzle in Gladiators zone.
11:35 of 3rd period - Dylan Larkin is hit by Mitchell Marner.
12:05 of 3rd period - Icing by Jackson LaCombe.
12:06 of 3rd period - Nico Hischier wins face-off versus Mitchell Marner in Warheads zone.
12:39 of 3rd period - Jaccob Slavin is hit by Sam Reinhart.
12:40 of 3rd period - Icing by Jaccob Slavin.
12:41 of 3rd period - Dylan Larkin wins face-off versus Tim Stutzle in Warheads zone.
13:12 of 3rd period - Shot by Jake Guentzel.
13:12 of 3rd period - Shot Misses the Net.
13:35 of 3rd period - Jack McBain is hit by Dylan Larkin and loses puck.
14:11 of 3rd period - Shot by Lawson Crouse.
14:11 of 3rd period - Stopped by Jake Oettinger with a rebound.
15:02 of 3rd period - Off-side.
15:03 of 3rd period - Nico Hischier wins face-off versus Brock Knuckledunker in neutral zone.
15:10 of 3rd period - Icing by Jaccob Slavin.
15:11 of 3rd period - Nico Hischier wins face-off versus Brock Knuckledunker in Warheads zone.
16:04 of 3rd period - Shot by Lucas Raymond.
16:04 of 3rd period - Stopped by Jake Oettinger without a rebound.
16:05 of 3rd period - Nick Schmaltz wins face-off versus Radek Faksa in Gladiators zone.
17:05 of 3rd period - Shot by Tim Stutzle.
17:05 of 3rd period - Shot Blocked by Colton Sissons.
17:07 of 3rd period - Shot by Jake Middleton.
17:07 of 3rd period - Goal by Jake Middleton - Warheads : 3 - Gladiators : 3.
17:08 of 3rd period - Matty Beniers wins face-off versus Brock Knuckledunker in neutral zone.
17:27 of 3rd period - Jackson LaCombe is hit by J.T. Compher and loses puck.
18:14 of 3rd period - Icing by Cam Fowler.
18:15 of 3rd period - Nico Hischier wins face-off versus Tim Stutzle in Gladiators zone.
18:20 of 3rd period - Shot by Nico Hischier.
18:20 of 3rd period - Shot Hit the Post.
18:26 of 3rd period - Shot by Sam Reinhart.
18:26 of 3rd period - Shot Misses the Net.
18:28 of 3rd period - Shot by Drew Doughty.
18:28 of 3rd period - Stopped by Joseph Woll with a rebound.
18:30 of 3rd period - Shot by Alex Tuch.
18:30 of 3rd period - Shot Misses the Net.
18:32 of 3rd period - Shot by Drew Doughty.
18:32 of 3rd period - Deflect By Alex Tuch.
18:32 of 3rd period - Shot Misses the Net.
19:15 of 3rd period - Shot by Dylan Guenther.
19:15 of 3rd period - Shot Misses the Net.
19:39 of 3rd period - Shot by Juraj Slafkovsky.
19:39 of 3rd period - Goal by Juraj Slafkovsky - Warheads : 4 - Gladiators : 3.
19:40 of 3rd period - Tim Stutzle wins face-off versus Dylan Larkin in neutral zone.
19:42 of 3rd period - Off-side.
19:43 of 3rd period - Tim Stutzle wins face-off versus Dylan Guenther in neutral zone.
19:56 of 3rd period - Shot by Lucas Raymond.
19:56 of 3rd period - Stopped by Jake Oettinger without a rebound.
19:57 of 3rd period - Dylan Larkin wins face-off versus Tim Stutzle in Gladiators zone.
Goals for this period are 2 for Warheads vs 0 for Gladiators.
Shots for this period are 10 for Warheads vs 5 for Gladiators.